 Dungeon Crawl Stone Soup version 0.24.0-123-gd5b16e6ec5 (webtiles) character file.

Game seed: 4204366744241363945, levelgen mode: deterministic

90638 FishyPogo the Warrior (level 15, -15/147 HPs)
             Began as a Green Draconian Venom Mage on Dec 30, 2019.
             Was the Champion of Makhleb.
             Demolished by a stone giant (37 damage)
             ... on level 15 of the Dungeon.
             The game lasted 03:27:36 (26939 turns).

FishyPogo the Warrior (Green Draconian Venom Mage) Turns: 26939, Time: 03:27:37

Health: -15/147    AC: 20    Str: 27    XL:     15   Next: 52%
Magic:  25/27      EV: 19    Int: 16    God:    Makhleb [******]
Gold:   1300       SH: 15    Dex: 12    Spells: 9/30 levels left

rFire    . . .     SeeInvis +   K - +5 whip "Muatwim" {vamp, Str+7 Dex-4 SInv}
rCold    + . .     Gourm    .   G - +1 shield
rNeg     + + .     Faith    .   (armour unavailable)
rPois    +         Spirit   .   (helmet restricted)
rElec    .         Reflect  .   S - +0 cloak of the Snake Pit {rC+ rCorr}
rCorr    +         Harm     .   V - +2 pair of gloves {Str+3}
MR       +....                  z - +0 pair of boots
Stlth    +++.......             O - amulet of the acrobat
HPRegen  0.34/turn              B - ring of Hospitality {rN++ EV+1}
MPRegen  0.20/turn              A - +6 ring of protection

@: agile, about to teleport, lightly drained
A: breathe noxious fumes, unfitting armour, stinger 1, poison resistance,
cold-blooded, AC +9
a: Breathe Noxious Fumes, Minor Destruction, Lesser Servant of Makhleb, Major
Destruction, Greater Servant of Makhleb, Renounce Religion


You were on level 15 of the Dungeon.
You worshipped Makhleb.
Makhleb was exalted by your worship.
You were not hungry.

You visited 6 branches of the dungeon, and saw 26 of its levels.
You also visited: Gauntlet.

You collected 2179 gold pieces.
You spent 879 gold pieces at shops.

Inventory:

Hand Weapons
 a - the +8 morningstar "Cufedyr" {freeze, +Inv}
   (You found it on level 5 of the Dungeon)

   It has been specially enchanted to freeze those struck by it, causing extra
   injury to most foes and up to half again as much damage against particularly
   susceptible opponents.
   It can also slow down cold-blooded creatures.
   It lets you turn invisible.
 K - the +5 whip "Muatwim" (weapon) {vamp, Str+7 Dex-4 SInv}
   (You bought it in a shop on level 2 of the Orcish Mines)

   It inflicts no extra harm, but heals its wielder when it wounds a living foe.
   It affects your strength (+7).
   It affects your dexterity (-4).
   It lets you see invisible.
 L - the +10 great mace of the First Realms {elec, rElec rPois MR- MP+9}
   (You bought it in a shop on level 2 of the Orcish Mines)

   Occasionally, upon striking a foe, it will discharge some electrical energy
   and cause terrible harm.
   It insulates you from electricity.
   It protects you from poison.
   It affects your resistance to hostile enchantments.
   It affects your magic capacity (+9).
Missiles
 e - 3 stones
 l - 52 boomerangs
 o - 33 poisoned darts
 E - 9 curare-tipped darts (quivered)
 M - 5 throwing nets
 Z - 19 silver javelins
Armour
 z - a +0 pair of boots (worn)
 G - a +1 shield (worn)
 S - the +0 cloak of the Snake Pit (worn) {rC+ rCorr}
   (You found it in a Gauntlet)

   It protects you from cold.
   It provides partial protection from all sources of acid and corrosion.
 V - a +2 pair of gloves of strength (worn)
 Y - a scarf of cloud immunity
Magical Staves
 b - an uncursed staff of air
Jewellery
 p - the ring of Juxuzaxo {Ice *Corrode rElec MR+}
   (You took it off an orc on level 12 of the Dungeon)

   [ring of ice]

   It enhances your ice magic.
   It makes you vulnerable to fire.
   It protects you from cold.
   It insulates you from electricity.
   It affects your resistance to hostile enchantments.
   It may corrode you when you take damage.
 t - a +3 ring of slaying
 A - a +6 ring of protection (right hand)
 B - the ring of Hospitality (left hand) {rN++ EV+1}
   (You found it on level 5 of the Dungeon)

   [ring of evasion]

   It affects your evasion (+1).
   It greatly protects you from negative energy.
 F - an uncursed ring of protection from magic
 J - an uncursed ring of protection from cold
 N - an uncursed ring of fire
 O - an amulet of the acrobat (around neck)
Wands
 f - a wand of iceblast (36)
 D - a wand of flame (17)
Scrolls
 i - 6 scrolls of teleportation
 j - 6 scrolls of fog
 q - 10 scrolls of remove curse
 r - a scroll of blinking
 u - a scroll of enchant weapon
 x - a scroll of magic mapping
 y - 5 scrolls of immolation
 C - 6 scrolls of identify
 T - a scroll of fear
Potions
 d - 2 potions of berserk rage
 g - 3 potions of might
 h - 3 potions of mutation
 k - 4 potions of curing
 m - 5 potions of flight
 v - 4 potions of brilliance
 w - 2 potions of magic
 H - 3 potions of lignification
 I - 2 potions of resistance
 P - 3 potions of invisibility
 Q - 3 potions of agility
Comestibles
 n - 42 rations


   Skills:
 - Level 17.3(17.0) Fighting
   Level 5.1(4.9) Short Blades
 + Level 2.6(2.4) Maces & Flails
 + Level 4.5(4.3) Dodging
 - Level 2.0(1.8) Stealth
 * Level 14.1(13.8) Shields
 - Level 8.0(7.8) Spellcasting
 - Level 5.0(4.8) Conjurations
 * Level 7.0(6.8) Summonings
 - Level 11.0(10.7) Air Magic
 - Level 11.0(10.8) Poison Magic
 - Level 3.0(2.8) Invocations


You had 9 spell levels left.
You knew the following spells:

 Your Spells              Type           Power        Failure   Level  Hunger
a - Sting                 Conj/Pois      ####         1%          1    None
b - Shock                 Conj/Air       ####         1%          1    None
c - Mephitic Cloud        Conj/Pois/Air  ####....     1%          3    ##.....
d - Swiftness             Chrm/Air       ###.....     2%          2    None
k - Olgreb's Toxic Radia  Pois           #####...     1%          4    ####...
l - Summon Lightning Spi  Summ/Air       ####....     3%          4    ####...
s - Airstrike             Air            #####.....   1%          4    ####...
u - Poisonous Vapours     Pois/Air       #####.       1%          2    None

Your spell library contained the following spells:

 Spells                   Type           Power        Failure   Level  Hunger
 Magic Dart               Conj           ###.         1%          1    None
 Summon Small Mammal      Summ           ####         1%          1    None
 Call Imp                 Summ           ####....     1%          2    None
 Static Discharge         Conj/Air       ####....     1%          3    ##.....
 Call Canine Familiar     Summ           ####....     2%          3    ##.....
 Flame Tongue             Conj/Fire      ##...        4%          1    None
 Ignite Poison            Fire/Tmut/Pois ###.....     9%          3    ##.....
 Summon Guardian Golem    Hex/Summ       ###.....     10%         3    ##.....
 Confusing Touch          Hex            #.....       13%         1    None
 Conjure Flame            Conj/Fire      ##......     14%         3    ##.....
 Venom Bolt               Conj/Pois      ####......   14%         5    #####..
 Lightning Bolt           Conj/Air       ####......   16%         5    #####..
 Blink                    Tloc           N/A          21%         2    None
 Slow                     Hex            #.......     21%         2    None
 Summon Ice Beast         Ice/Summ       ###.....     32%         4    ####...
 Confuse                  Hex            #.......     36%         3    ##.....
 Gell's Gravitas          Tloc           #.........   36%         3    ##.....
 Cause Fear               Hex            #.........   78%         4    ####...
 Petrify                  Tmut/Erth      #.......     78%         4    ####...
 Fireball                 Conj/Fire      ##........   80%         5    #####..
 Metabolic Englaciation   Hex/Ice        #.........   98%         5    #####..
 Yara's Violent Unravell  Hex/Tmut       #.........   98%         5    #####..
 Bolt of Fire             Conj/Fire      ##........   100%        6    #######
 Dragon Form              Tmut           #.........   100%        7    #######
 Ring of Flames           Chrm/Fire      #.........   100%        7    #######
 Ignition                 Fire           #.........   100%        8    #######
 Dragon's Call            Summ           ####......   100%        9    #######


Dungeon Overview and Level Annotations

Branches:
Dungeon (15/15)            Temple (1/1) D:5            Lair (6/6) D:10
 Shoals (0/4) Lair:4        Snake (1/4) Lair:4        Slime (0/5) Lair:6
    Orc (2/2) D:11            Elf (0/3) Orc:2        Vaults (0/5) D:14
 Depths (1/5) D:15        Gauntlet (visited)

Altars:
Ashenzari
Cheibriados
Dithmenos
Elyvilon
Fedhas
Gozag
Hepliaklqana
Kikubaaqudgha
Makhleb
Nemelex Xobeh
Okawaru
Qazlal
Ru
Sif Muna
Trog
Uskayaw
Vehumet
Wu Jian
Xom
Yredelemnul
Zin
The Shining One
Beogh

Shops:
D:7 *   D:14 *   Orc:1 =   Orc:2 *([!

Portals:
Hell: Lair:6

Annotations:
Lair:4 exclusion: downstairs
Snake:1 Aizul, Frances


Innate Abilities, Weirdness & Mutations

You can breathe blasts of noxious fumes.
Your lurid green scales are hard. (AC +9)
You cannot fit into any form of body armour.
Your tail ends in a poisonous barb.
Your system is resistant to poisons. (rPois)
You are cold-blooded and may be slowed by cold attacks.


Message History

* * * LOW HITPOINT WARNING * * *
The centaur warrior is engulfed in noxious fumes.
The centaur warrior hits itself!
You climb upwards.
Welcome back to the Dungeon!
There is a staircase to the Depths, spattered with blood here.
Unknown command.
Unknown command.
As you read the scroll of teleportation, it crumbles to dust.
You feel strangely unstable.
The two-headed ogre hits you with a +0 giant club.
* * * LOW HITPOINT WARNING * * *
You block the two-headed ogre's attack. The stone giant hits you.
* * * LOW HITPOINT WARNING * * *
The two-headed ogre completely misses you.
The two-headed ogre barely misses you.
Unknown command.
Unknown command.
You feel agile all of a sudden. The stone giant hits you!!!
You die...

#..#.##....#..##.##
##...
##.#.'.......###..#
###.
##.###....###....# ##.
#..###..####.#### #..
##.########...## #..
##.# ##..[..## ##..
#.## #.......# ###...
##.## ##.OCO.## #....#
#..# ###@### ##...#
##.## ### ##..## ##.##
#### #...# #..#
####..# #...# ##.##
##.....###..## #..##
##......##...# ##..#
##.......##..#### #
#..###..[.....#...#..?
######
##..#.........#.......


You could see a stone giant and 2 two-headed ogres.

Vanquished Creatures
  Rupert (D:12)
  An orc warlord (Orc:2)
  A minotaur (Gauntlet)
  Snorg (D:12)
  A fire dragon (D:14)
  7 hydras
  2 vault guards (D:14)
  Harold (Orc:1)
  A catoblepas (Lair:4)
  Erica (Orc:1)
  An anaconda (Snake:1)
  7 two-headed ogres
  2 tengu warriors
  3 orc high priests (Orc:2)
  A dancing weapon (D:15)
  A death yak (Lair:4)
  A sun demon (Lair:6)
  An unseen horror (D:12)
  A cherub (D:15)
  A wizard (Lair:6)
  A lindwurm (Lair:4)
  An orc knight (Orc:2)
  A wolf spider (D:15)
  2 necromancers (D:14)
  An orb spider (shapeshifter) (D:15)
  An oklob plant (Lair:2)
  6 ugly things
  A manticore (D:13)
  3 mana vipers (Snake:1)
  A salamander (Snake:1)
  A cyclops (Orc:2)
  An orc sorcerer (Orc:2)
  13 elephants
  Psyche (D:11)
  2 naga magi (Snake:1)
  Joseph (D:8)
  An apocalypse crab (Gauntlet)
  8 black mambas
  9 spiny frogs
  An orange demon (Lair:6)
  Maurice (D:8)
  A gargoyle (D:11)
  A kobold demonologist (D:11)
  5 rime drakes
  An efreet (D:13)
  7 komodo dragons
  A freezing wraith (D:14)
  5 yaktaurs
  3 red devils (Lair:6)
  2 meliai (shapeshifter) (D:15)
  An ice devil (Lair:6)
  A tengu conjurer (D:12)
  5 trolls
  3 polar bears
  A hornet (D:8)
  2 slime creatures
  11 blink frogs
  A dream sheep (Lair:6)
  13 hippogriffs
  4 wyverns
  2 spriggans
  2 shadows
  A vampire (D:13)
  2 wraiths
  75 yaks
  3 basilisks
  15 humans (D:14)
  A steam dragon (D:14)
  A hungry ghost (D:6)
  4 wargs (Orc:2)
  4 nagas
  A soldier ant (shapeshifter) (D:15)
  3 hell hounds (Lair:6)
  Edmund (D:5)
  9 water moccasins
  7 porcupines
  2 sky beasts (D:11)
  3 eyes of draining
  5 ice beasts
  27 orc warriors
  3 black bears
  A phantom (D:6)
  2 necrophages (D:11)
  An eye of draining (shapeshifter) (D:15)
  8 ogres
  10 wolves (Lair:4)
  10 centaurs
  12 crocodiles
  18 bullfrogs
  4 scorpions
  8 killer bees
  4 wights (D:9)
  An electric eel (Lair:3)
  4 crimson imps
  2 centaur zombies
  A bullfrog zombie (D:6)
  15 jellies
  16 orc priests
  10 hounds
  Crazy Yiuf (D:4)
  A bullfrog skeleton (D:4)
  6 centaur skeletons
  24 orc wizards
  Jessica (D:2)
  2 iguanas
  6 worker ants
  4 hell rats
  A hound zombie (D:9)
  Robin (D:3)
  7 gnolls
  10 adders
  2 shadow imps
  An ooze (D:7)
  2 adder zombies
  An adder skeleton (D:4)
  A worm (D:4)
  2 dart slugs
  7 leopard geckos
  74 orcs
  4 giant cockroaches
  8 hobgoblins
  4 jackals (D:7)
  10 kobolds
  4 quokkas
  7 bats
  5 frilled lizards
  19 goblins
  A jackal skeleton (D:4)
  A leopard gecko skeleton (D:8)
  2 quokka skeletons
  7 rats
  A bush (Lair:2)
  A fungus (Lair:5)
687 creatures vanquished.

Vanquished Creatures (collateral kills)
  An entropy weaver (shapeshifter) (D:15)
  2 hydras (Lair:6)
  An anaconda (Snake:1)
  A rakshasa (D:15)
  A cherub (D:15)
  A glowing orange brain (D:15)
  An orc knight (Orc:2)
  A manticore (D:14)
  An ugly thing (D:15)
  A black mamba (Lair:3)
  2 spiny frogs
  A gargoyle (D:14)
  An ice devil (Lair:6)
  A rime drake (Lair:1)
  A troll (Orc:1)
  A hippogriff (Lair:5)
  5 slime creatures
  6 yaks
  4 humans (D:14)
  A hungry ghost (D:11)
  2 wargs (D:10)
  6 nagas
  3 water moccasins
  4 porcupines
  10 orc warriors
  An ice beast (D:12)
  2 centaurs (D:11)
  An ogre (Orc:1)
  A crocodile (Lair:6)
  2 bullfrogs
  2 killer bees (D:9)
  3 jellies (Lair:6)
  A quasit (D:11)
  An orc priest (D:10)
  8 orc wizards
  A hell rat (Lair:3)
  11 orcs
93 creatures vanquished.

Vanquished Creatures (others)
  A killer bee (D:9)
  11 fungi
  18 plants
  9 toadstools (Lair:4)
39 creatures vanquished.

Grand Total: 819 creatures vanquished

Notes
Turn   | Place    | Note
-------+----------+-------------------------------------------
     0 | D:1      | FishyPogo the Draconian Venom Mage began the quest for the
                  | Orb.
     0 | D:1      | Reached XP level 1. HP: 14/14 MP: 3/3
   276 | D:1      | Reached XP level 2. HP: 18/20 MP: 3/5
   335 | D:1      | Learned a level 2 spell: Poisonous Vapours
  1280 | D:2      | Reached skill level 1 in Short Blades
  1280 | D:2      | Reached XP level 3. HP: 18/26 MP: 1/6
  1388 | D:2      | Noticed Jessica
  1397 | D:2      | Killed Jessica
  1397 | D:2      | Reached XP level 4. HP: 33/33 MP: 0/7
  2028 | D:2      | Found a glowing golden altar of the Shining One.
  2154 | D:2      | Learned a level 3 spell: Mephitic Cloud
  2504 | D:3      | Reached XP level 5. HP: 32/38 MP: 6/8
  2552 | D:3      | Noticed Robin
  2622 | D:3      | Killed Robin
  3032 | D:3      | Found a shadowy altar of Dithmenos.
  3297 | D:4      | Reached XP level 6. HP: 45/45 MP: 3/10
  3788 | D:4      | Your scales start taking on a lurid green colour.
  3788 | D:4      | Reached skill level 5 in Poison Magic
  3788 | D:4      | Reached XP level 7. HP: 50/50 MP: 7/11
  3788 | D:4      | Gained mutation: Your system is resistant to poisons.
                  | (rPois) [Green Draconian growth]
  3995 | D:4      | Found a runed translucent door.
  3996 | D:4      | Noticed Crazy Yiuf
  4019 | D:4      | Killed Crazy Yiuf
  4075 | D:4      | Noticed a two-headed ogre
  4088 | D:4      | Killed a two-headed ogre
  4088 | D:4      | Reached skill level 2 in Fighting
  4088 | D:4      | Reached skill level 5 in Short Blades
  4088 | D:4      | Reached XP level 8. HP: 45/61 MP: 7/13
  4200 | D:4      | Reached skill level 5 in Conjurations
  4218 | D:4      | Learned a level 4 spell: Olgreb's Toxic Radiance
  4324 | D:4      | Learned a level 5 spell: Venom Bolt
  4356 | D:4      | Reached skill level 3 in Fighting
  4734 | D:5      | Entered Level 5 of the Dungeon
  4734 | D:5      | Noticed Edmund
  4747 | D:5      | Killed Edmund
  4747 | D:5      | Reached skill level 4 in Fighting
  4851 | D:5      | Reached skill level 5 in Fighting
  5009 | D:5      | Reached skill level 6 in Fighting
  5096 | D:5      | Got a vibrating granite ring
  5098 | D:5      | Identified the ring of Hospitality {rN++ EV+1} (You found
                  | it on level 5 of the Dungeon)
  5145 | D:5      | Got a polished morningstar
  5146 | D:5      | Identified the +8 morningstar "Cufedyr" {freeze, +Inv} (You
                  | found it on level 5 of the Dungeon)
  5215 | D:5      | Found a staircase to the Ecumenical Temple.
  5226 | Temple   | Entered the Ecumenical Temple
  5263 | Temple   | Became a worshipper of Makhleb the Destroyer
  5563 | D:6      | Reached skill level 7 in Fighting
  5616 | D:6      | Found a shattered altar of Ashenzari.
  5640 | D:6      | Reached XP level 9. HP: 79/79 MP: 13/15
  6199 | D:7      | Reached skill level 8 in Fighting
  6373 | D:7      | Reached skill level 1 in Air Magic
  6745 | D:7      | Found Niczyoj's Assorted Antiques.
  6754 | D:7      | Reached * piety under Makhleb
  6759 | D:7      | Reached skill level 9 in Fighting
  6767 | D:7      | Bought a scroll labeled HEITOR CAGG for 23 gold pieces
  6767 | D:7      | Bought a sedimented blue potion for 20 gold pieces
  6767 | D:7      | Bought a scroll labeled BUPOLL AHYUPP for 23 gold pieces
  6863 | D:7      | Found an iron altar of Okawaru.
  7233 | D:8      | Found a stormy altar of Qazlal.
  7317 | D:8      | Found an opulent altar of Gozag.
  7406 | D:8      | Noticed Maurice
  7418 | D:8      | Killed Maurice
  7644 | D:8      | Noticed a two-headed ogre
  7657 | D:8      | Killed a two-headed ogre
  7657 | D:8      | Reached skill level 10 in Fighting
  7657 | D:8      | Reached skill level 5 in Air Magic
  7657 | D:8      | Reached skill level 10 in Poison Magic
  7657 | D:8      | Reached XP level 10. HP: 93/93 MP: 4/17
  7760 | D:8      | Noticed Joseph
  7774 | D:8      | Killed Joseph
  8033 | D:9      | Reached skill level 5 in Spellcasting
  8039 | D:9      | Learned a level 4 spell: Summon Lightning Spire
  8207 | D:9      | Noticed a two-headed ogre
  8218 | D:9      | Killed a two-headed ogre
  8218 | D:9      | Reached ** piety under Makhleb
  8218 | D:9      | Reached skill level 1 in Summonings
  8370 | D:9      | Reached skill level 11 in Fighting
  9058 | D:10     | Entered Level 10 of the Dungeon
  9113 | D:10     | Noticed a two-headed ogre
  9132 | D:10     | Killed a two-headed ogre
  9132 | D:10     | Reached XP level 11. HP: 76/104 MP: 2/18
  9251 | D:10     | Reached skill level 12 in Fighting
  9256 | D:10     | Found a staircase to the Lair.
  9281 | D:10     | Found an ornate altar of the Wu Jian Council.
  9400 | D:10     | Reached *** piety under Makhleb
  9440 | D:10     | Noticed a two-headed ogre
  9451 | D:10     | Killed a two-headed ogre
  9451 | D:10     | Reached skill level 1 in Shields
 10014 | Lair:1   | Entered Level 1 of the Lair of Beasts
 10069 | Lair:1   | Reached skill level 5 in Summonings
 10202 | Lair:1   | Reached skill level 13 in Fighting
 10310 | Lair:1   | Reached skill level 14 in Fighting
 10453 | Lair:1   | Reached skill level 15 in Fighting
 10466 | Lair:1   | Reached **** piety under Makhleb
 10483 | Lair:1   | Reached XP level 12. HP: 109/121 MP: 11/19
 10526 | Lair:1   | You fall into a shaft and drop 1 floor!
 11112 | Lair:2   | Reached skill level 16 in Fighting
 11243 | Lair:2   | Learned a level 1 spell: Shock
 12161 | Lair:3   | Reached skill level 1 in Maces & Flails
 12176 | Lair:3   | Got a dazzling leather armour
 12466 | Lair:3   | Reached skill level 5 in Shields
 13112 | Lair:4   | Found a staircase to the Shoals.
 13168 | Lair:4   | Noticed a four-headed hydra
 13397 | D:11     | Noticed Psyche
 13417 | D:11     | Killed Psyche
 13455 | D:11     | Found a staircase to the Orcish Mines.
 13567 | D:11     | Reached ***** piety under Makhleb
 13755 | D:11     | Noticed a two-headed ogre
 13786 | D:11     | Killed a two-headed ogre
 13898 | D:11     | Reached XP level 13. HP: 129/129 MP: 13/20
 13909 | D:11     | Found a sacrificial altar of Ru.
 14230 | Orc:1    | Entered Level 1 of the Orcish Mines
 14279 | Orc:1    | Noticed Harold
 14299 | Orc:1    | Killed Harold
 14452 | Orc:1    | Learned a level 2 spell: Swiftness
 14454 | Orc:2    | Entered Level 2 of the Orcish Mines
 14527 | Orc:2    | Found a roughly hewn altar of Beogh.
 14623 | Orc:2    | Found a gate leading to a gauntlet.
 14751 | Gauntlet | Entered a Gauntlet
 14751 | Gauntlet | Found a transporter.
 14759 | Gauntlet | Noticed a cacodemon
 14761 | Gauntlet | Found a transporter.
 14778 | Gauntlet | Found a transporter.
 14781 | Gauntlet | Found a transporter.
 14791 | Gauntlet | Found a transporter.
 14804 | Gauntlet | Noticed a blizzard demon
 14812 | Gauntlet | Found a transporter.
 14827 | Gauntlet | Found a transporter.
 14844 | Gauntlet | Found a transporter.
 14848 | Gauntlet | Found a transporter.
 14857 | Gauntlet | Found a transporter.
 14887 | Gauntlet | Found a transporter.
 14887 | Gauntlet | Found a transporter.
 14887 | Gauntlet | Noticed a reaper
 15006 | Gauntlet | Got a crude cloak
 15031 | Gauntlet | Identified the +0 cloak of the Snake Pit {rC+ rCorr} (You
                  | found it in a Gauntlet)
 15052 | Gauntlet | Reached skill level 10 in Shields
 15091 | Gauntlet | Noticed a minotaur
 15128 | Gauntlet | Killed a minotaur
 15147 | Gauntlet | Found the +8 longbow "Zephyr" {speed, Dex+3 SInv}
 15205 | Orc:2    | Found a roughly hewn altar of Beogh.
 15234 | Orc:2    | Noticed an orc warlord
 15236 | Orc:2    | Found Cyz Archao's Distillery.
 15525 | Orc:2    | Found a staircase to the Elven Halls.
 16129 | Lair:4   | Learned a level 4 spell: Airstrike
 16210 | Lair:4   | Found a staircase to the Snake Pit.
 16421 | Lair:4   | Found a runed translucent door.
 16869 | Lair:4   | Reached ****** piety under Makhleb
 18140 | Lair:6   | Entered Level 6 of the Lair of Beasts
 18320 | Lair:6   | Gained mutation: Your tail ends in a poisonous barb. [Green
                  | Draconian growth]
 18320 | Lair:6   | Reached XP level 14. HP: 99/138 MP: 22/22
 18347 | Lair:6   | Found a staircase to the Slime Pits.
 19019 | Lair:6   | Reached skill level 17 in Fighting
 19050 | Lair:6   | Reached skill level 10 in Air Magic
 19834 | Lair:6   | Found a burning altar of Makhleb.
 20047 | Lair:6   | Found a gateway to Hell.
 20331 | D:12     | Noticed Rupert
 20448 | D:12     | Noticed Snorg
 20467 | D:12     | Killed Snorg
 20598 | D:12     | Paralysed by Rupert for 4 turns
 20612 | D:12     | Killed Rupert
 20629 | D:12     | Identified the ring of Juxuzaxo {Ice *Corrode rElec MR+}
 20850 | D:12     | Found a blossoming altar of Fedhas.
 21644 | D:13     | Found a shimmering altar of Xom.
 22284 | D:14     | Found a gate to the Vaults.
 22683 | D:14     | Found Ataruri's General Store.
 22688 | D:14     | Bought a +2 pair of gloves of strength for 301 gold pieces
 22916 | D:15     | Entered Level 15 of the Dungeon
 23002 | D:15     | Reached XP level 15. HP: 118/147 MP: 15/25
 23015 | D:15     | Reached skill level 1 in Invocations
 23267 | D:15     | Noticed a fire giant
 23268 | D:15     | a fire giant changed into a stone giant
 23274 | D:15     | Noticed a sphinx
 23274 | D:15     | a dire elephant changed into a sphinx
 23275 | D:15     | a sphinx changed into an emperor scorpion
 23392 | D:15     | Found a staircase to the Depths.
 24903 | Orc:2    | Paralysed by an orc sorcerer for 7 turns
 24910 | Orc:2    | HP: 5/147 [orc high priest/divine providence (16)]
 24922 | Orc:2    | Found a roughly hewn altar of Beogh.
 25017 | Orc:2    | Killed an orc warlord
 25153 | Orc:1    | Noticed Erica
 25171 | Orc:1    | Killed Erica
 25216 | Orc:1    | Found Jusecs's Jewellery Boutique.
 25436 | Orc:2    | Found a roughly hewn altar of Beogh.
 25479 | Orc:2    | Found a roughly hewn altar of Beogh.
 25585 | Orc:2    | Found a roughly hewn altar of Beogh.
 25623 | Orc:2    | Found a roughly hewn altar of Beogh.
 25629 | Orc:2    | Found Ymenu's General Store.
 25679 | Orc:2    | Found Zevoz Eviy's Antique Weapon Boutique.
 25684 | Orc:2    | Found Quosiuso's Antique Armour Shop.
 25685 | Orc:2    | Found a roughly hewn altar of Beogh.
 25854 | Orc:2    | Bought a warped whip for 202 gold pieces
 25854 | Orc:2    | Bought a twisted great mace for 310 gold pieces
 25854 | Orc:2    | Identified the +5 whip "Muatwim" {vamp, Str+7 Dex-4 SInv}
                  | (You bought it in a shop on level 2 of the Orcish Mines)
 25860 | Orc:2    | Identified the +10 great mace of the First Realms {elec,
                  | rElec rPois MR- MP+9} (You bought it in a shop on level 2
                  | of the Orcish Mines)
 26018 | Snake:1  | Entered Level 1 of the Snake Pit
 26472 | Snake:1  | Noticed Frances
 26516 | Snake:1  | Noticed Aizul
 26747 | Depths:1 | Entered Level 1 of the Depths
 26939 | D:15     | Demolished by a stone giant

Levels and vault maps discovered:
D:1:      psy_arrival_conway, layout_basic, serial_bayou, serial_bayou_shore_a,
          serial_bayou_pond_b, serial_bayou_pond_b, serial_bayou_pond_c
D:2:      layout_loops_ring, nicolae_tso_swordbearing_angel, uniq_jessica
D:3:      layout_loops_cross, nicolae_dithmenos_through_a_glass_darkly,
          uniq_robin
D:4:      layout_layer_cave, minmay_manual_mullet, uniq_crazy_yiuf_cottage
D:5:      layout_rooms, minmay_temple_entry_enclosed_plants,
          serial_corexii_hall, corexii_hall_statues_deadend,
          corexii_hall_statues_u, corexii_hall_statues_i, first_ration,
          uniq_edmund
D:6:      layout_gridville, evilmike_ruin_ashenzari
D:7:      layout_loops_corners, kennysheep_okawaru_gauntlet, serial_shops,
          nicolae_shop_crystal
D:8:      layout_gridville, nicolae_gozag_cash_rules_everything_around_me,
          kennysheep_mini_moat, uniq_maurice, uniq_joseph
D:9:      layout_basic, the_bakery, minmay_microvault
D:10:     layout_loops_ring, erik_lair_orcish_takeover, basic_altar
D:11:     layout_basic, orc_0_dummy, nicolae_ru_awakened_eye, uniq_psyche
D:12:     layout_rooms, fedhas_altar_4, uniq_snorg, uniq_rupert
D:13:     layout_grid_maze, basic_altar, feat_on_display
D:14:     layout_basic, grunt_vaults_entry_tiered, serial_shops,
          kennysheep_little_box, chequers_mini_garden
D:15:     gammafunk_enter_depths_forms, layout_cave_pods, minivault_11, pf_eden
Temple:   kb_temple_of_zot
Lair:1:   layout_regular_city, grunt_megastairs_4, lemuel_fruit_tree
Lair:2:   layout_gridlike, serial_bayou_pond_d, minmay_lair_oklob_items
Lair:3:   layout_layer_cave, serial_bayou_lagoon_a,
          chequers_serial_rivers_room_b, grunt_megastairs_5
Lair:4:   gammafunk_lair_enchanted_lake, layout_small_grid, shoals_dummy_entry,
          minmay_snake_entry_guardpost_small, forest_entry_grove,
          infiniplex_staircase_pool
Lair:5:   layout_roguey, grunt_megastairs_3
Lair:6:   evil_forest, layout_long_grid, minmay_slime_entry_jelly_boxes,
          st_stairs_6, infiniplex_staircase_pool_2
Snake:1:  layout_grid_shapes, grunt_megastairs_1, uniq_agnes, uniq_aizul,
          uniq_jorgrun, uniq_frances
Orc:1:    layout_caves, serial_shops, shop, uniq_harold, uniq_erica
Orc:2:    grunt_orc_community_town_hall, layout_caves,
          grunt_orc_community_big_house_1, grunt_orc_community_big_house_2,
          grunt_orc_community_house_1, grunt_orc_community_house_2,
          grunt_orc_community_house_2, grunt_orc_community_house_2,
          gauntlet_entry_generic, basic_altar
Depths:1: layout_basic, serial_shops, nicolae_shop_crystal, pan_entry,
          infiniplex_enter_wizlab_spiral, serial_glass, glass_columns_b,
          glass_columns_b, grunt_mini_vestibule

Skill      XL: |  1  2  3  4  5  6  7  8  9 10 11 12 13 14 15 |
---------------+----------------------------------------------+-----
Stealth        | 2 |  2.0
Dodging        | 2 3 4 |  4.5
Short Blades   | 1 2 3 5 |  5.1
Conjurations   | 2 3 4 5 |  5.0
Poison Magic   | 4 5 6 8 10 11 | 11.0
Spellcasting   | 3 4 5 7 8 |  8.0
Fighting       | 2 7 10 11 15 16 17 | 17.3
Air Magic      | 5 7 8 9 11 | 11.0
Summonings     | 3 5 6 7 |  7.0
Shields        | 4 8 11 13 14 | 14.1
Maces & Flails | 2 |  2.6
Invocations    | 3 |  3.0

Action                   |  1- 3 |  4- 6 |  7- 9 | 10-12 | 13-15 || total
-------------------------+-------+-------+-------+-------+-------++-------
Melee: Unarmed           |    20 |       |       |       |       ||    20
       Tailslap          |     6 |    15 |    17 |    45 |   152 ||   235
       Club              |     2 |       |       |       |       ||     2
       Dagger            |    33 |   115 |    61 |       |       ||   209
       Morningstar       |       |       |    74 |   336 |   908 ||  1318
       Staff             |       |       |       |    17 |    13 ||    30
       Whip              |       |       |       |       |    78 ||    78
Throw: Stone             |       |       |    13 |    10 |     3 ||    26
       Dart              |       |       |     5 |       |     1 ||     6
       Boomerang         |       |       |       |       |     1 ||     1
 Cast: Sting             |    45 |    57 |   110 |   184 |   171 ||   567
       Poisonous Vapours |     3 |    19 |    20 |    32 |    36 ||   110
       Mephitic Cloud    |       |     1 |     5 |    16 |    46 ||    68
       Venom Bolt        |       |       |     2 |    12 |       ||    14
       Summon Lightning  |       |       |       |    20 |    85 ||   105
       Shock             |       |       |       |    19 |    83 ||   102
       Olgreb's Toxic Ra |       |       |       |     6 |    10 ||    16
       Swiftness         |       |       |       |       |     3 ||     3
       Airstrike         |       |       |       |       |    18 ||    18
Invok: Minor Destruction |       |       |       |     1 |     2 ||     3
       Lesser Servant of |       |       |       |       |     1 ||     1
 Abil: Breathe Noxious F |       |       |    13 |    32 |    59 ||   104
  Use: Scroll            |     1 |     3 |     8 |     6 |    19 ||    37
       Potion            |       |       |       |       |    10 ||    10
 Stab: Sleeping          |       |     1 |       |     1 |     1 ||     3
       Confused          |       |       |     4 |    13 |    21 ||    38
       Distracted        |       |       |       |       |     9 ||     9
  Eat: Chunk             |     3 |    10 |    14 |    35 |    68 ||   130
       Ration            |       |       |     1 |     1 |     2 ||     4
Armor: Skin              |    22 |    48 |    41 |    91 |   292 ||   494
Dodge: Dodged            |    50 |    58 |    85 |   261 |   603 ||  1057
Block: Buckler           |       |       |       |    34 |    22 ||    56
       Shield            |       |       |       |       |   704 ||   704
